 Dungeon Crawl Stone Soup version 0.29.1-4-g47bece8355 (webtiles) character file.

Game seed: 7098723120269219878

3593 Linkola the Cleaver (level 9, -19/79 HPs)
             Began as a Minotaur Fighter on Dec 6, 2022.
             Was an Initiate of Wu Jian.
             Demolished by MacCMillion's ghost (21 damage)
             ... on level 7 of the Dungeon on Dec 7, 2022.
             The game lasted 00:14:45 (6140 turns).

Linkola the Cleaver (Minotaur Fighter)              Turns: 6140, Time: 00:14:46

Health: -19/79     AC: 13    Str: 32    XL:     9   Next: 85%
Magic:  8/8        EV: 14    Int:  5    God:    Wu Jian [......]
Gold:   369        SH:  5    Dex:  5    Spells: 8/8 levels left

rFire   + . .      SeeInvis .   j - +7 hand axe "Pyphooj" {venom, Fly rF+ Dex-4}
rCold   . . .      Faith    .   c - +1 buckler
rNeg    . . .      Spirit   .   b - +0 scale mail
rPois   .          Reflect  .   l - +2 hat
rElec   .          Harm     .   (no cloak)
rCorr   .          Rampage  .   v - +0 pair of gloves
Will    .....                   z - +0 pair of boots
Stlth   ..........              (no amulet)
HPRegen 0.23/turn               m - +6 ring of strength
MPRegen 0.11/turn               p - +4 ring of evasion

@: mighty, flying
A: horns 2, retaliatory headbutt
a: Renounce Religion


You were on level 7 of the Dungeon.
You worshipped Wu Jian.
Wu Jian was noncommittal.
You visited 2 branches of the dungeon, and saw 8 of its levels.

You collected 369 gold pieces.

Inventory:

Hand Weapons
 j - the +7 hand axe "Pyphooj" (weapon) {venom, Fly rF+ Dex-4}
   (You found it on level 2 of the Dungeon)

   It poisons the flesh of those it strikes.
   Dex:       It affects your dexterity (-4).
   rF:        It protects you from fire.
   Fly:       It grants you flight.
Missiles
 e - 19 stones (quivered)
 i - 2 throwing nets
 s - 2 boomerangs
Armour
 b - a +0 scale mail (worn)
 c - a +1 buckler (worn)
 l - a +2 hat (worn)
 v - a +0 pair of gloves (worn)
 z - a +0 pair of boots (worn)
Jewellery
 m - a +6 ring of strength (left hand)
 n - a ring of flight
 p - a +4 ring of evasion (right hand)
 t - a ring of poison resistance
 x - a ring of wizardry
Wands
 a - a wand of iceblast (11)
 q - a wand of flame (27)
 y - a wand of paralysis (5)
Scrolls
 r - a scroll of amnesia
 w - 2 scrolls of enchant armour
 A - a scroll of teleportation
Potions
 f - a potion of haste
 g - 3 potions of flight
 h - 3 potions of curing
 k - a potion of ambrosia
 o - 2 potions of mutation {unknown}
 u - 2 potions of invisibility {unknown}


   Skills:
 + Level 7.1 Fighting
 + Level 9.8 Axes
 * Level 6.2 Throwing
 + Level 8.5 Armour
 + Level 3.7 Dodging
 + Level 6.1 Shields


You had 8 spell levels left.
You didn't know any spells.
Your spell library contained the following spells:

 Spells                   Type           Power      Damage    Failure   Level
 Slow                     Hex            0%         N/A       77%         1
 Confusing Touch          Hex            0%         N/A       98%         3
 Vampiric Draining        Necr           0%         2d6       98%         3


Dungeon Overview and Level Annotations

Branches:
Dungeon (7/15)             Temple (1/1) D:7

Altars:
Ashenzari
Cheibriados
Elyvilon
Fedhas
Gozag
Hepliaklqana
Kikubaaqudgha
Makhleb
Nemelex Xobeh
Okawaru
Qazlal
Ru
Sif Muna
Trog
Uskayaw
Vehumet
Wu Jian
Xom
Yredelemnul
The Shining One

Shops:
D:2 (

Annotations:
D:7 MacCMillion's ghost, novice TrFi


Innate Abilities, Weirdness & Mutations

You have a pair of horns on your head.
You reflexively headbutt those who attack you in melee.


Message History

MacCMillion's ghost turns its malevolent gaze towards you.
You reach down and open the gate.
You closely miss MacCMillion's ghost.
Your headbutt misses MacCMillion's ghost.
MacCMillion's ghost hits you!!
You hit MacCMillion's ghost but do no damage.
You block MacCMillion's ghost's attack.
You hit MacCMillion's ghost.
MacCMillion's ghost is lightly damaged.
You block MacCMillion's ghost's attack.
You hit MacCMillion's ghost.
MacCMillion's ghost is lightly damaged.
MacCMillion's ghost hits you!!
You slash MacCMillion's ghost! You headbutt MacCMillion's ghost.
MacCMillion's ghost is moderately damaged.
You closely miss MacCMillion's ghost.
MacCMillion's ghost is moderately damaged.
MacCMillion's ghost hits you.
You hit MacCMillion's ghost.
MacCMillion's ghost is moderately damaged.
MacCMillion's ghost barely misses you. You furiously retaliate!
You headbutt MacCMillion's ghost! You closely miss MacCMillion's ghost.
MacCMillion's ghost is heavily damaged.
MacCMillion's ghost hits you but does no damage.
You hit MacCMillion's ghost.
Your headbutt misses MacCMillion's ghost.
MacCMillion's ghost is heavily damaged.
MacCMillion's ghost hits you!
* * * LOW HITPOINT WARNING * * *
You hit MacCMillion's ghost.
MacCMillion's ghost is heavily damaged.
You feel very mighty all of a sudden. MacCMillion's ghost hits you!
* * * LOW HITPOINT WARNING * * *
You barely miss MacCMillion's ghost.
MacCMillion's ghost is heavily damaged.
MacCMillion's ghost shouts, "You will never get the ORB!"
MacCMillion's ghost hits you!!
You die...

#.####......[...####'#.....#####
#....'..........#..........### #
#######..........#............# #
.........[.......#.......##.#.# #
................##..........#.###
.##.##.######...##......#####[#..
........###.....##[.........#.#.#
..........#.................#[#.#
.⌠...⌠..#.......@.......#[....#.#
...÷....##.###''W###'#...[###...#
...>.......#.(....(#.#...........
..).)...####....$..###....##.....
.⌠...⌠..####..(....#......##.....
...........#.....(♣###....##.....
........##.#.(.(...#.....###.....
.##.##.##..#########.....# ##.##.
....##...................# #.##.


You could see MacCMillion's ghost.

Vanquished Creatures
  Pikel (D:7)
  Prince Ribbit (D:7)
  A steam dragon (D:7)
  3 vampire mosquitoes (D:7)
  Menkaure (D:4)
  2 water moccasins
  An ice beast (D:7)
  3 black bears
  3 lemures (D:7)
  A phantom (D:7)
  A necrophage (D:6)
  Blork the orc (D:6)
  A gnoll sergeant (D:5)
  2 scorpions
  10 wights
  2 jellies (D:6)
  5 orc priests
  A gnoll bouda (D:5)
  2 hounds
  Jessica (D:2)
  Ijyb (D:4)
  Natasha (thrice) (D:2)
  5 orc wizards
  12 gnolls
  8 adders
  A white imp (D:4)
  5 ufetubi
  3 worms (D:3)
  3 dart slugs
  27 orcs
  6 bats
  3 giant cockroaches (D:4)
  5 goblins
  2 hobgoblins
  9 jackals
  A quokka (D:5)
  5 ball pythons
  3 goblin skeletons (D:4)
  3 goblin zombies (D:4)
  A hobgoblin zombie (D:4)
  4 kobolds
  A kobold skeleton (D:4)
  An orc skeleton (D:4)
  A rat (D:3)
156 creatures vanquished.

Vanquished Creatures (others)
  A black bear (D:3)
  An endoplasm (D:3)
2 creatures vanquished.

Grand Total: 158 creatures vanquished

Notes
Turn   | Place    | Note
-------+----------+-------------------------------------------
     0 | D:1      | Linkola the Minotaur Fighter began the quest for the Orb.
     0 | D:1      | Reached XP level 1. HP: 19/19 MP: 0/0
   175 | D:1      | Reached XP level 2. HP: 25/27 MP: 1/1
   858 | D:2      | Reached skill level 1 in Throwing
   912 | D:2      | Found Reblaim's Weapon Shoppe.
   931 | D:2      | Noticed Natasha
   935 | D:2      | Noticed a crimson imp
   935 | D:2      | Killed Natasha
   936 | D:2      | Reached skill level 3 in Axes
   936 | D:2      | Reached XP level 3. HP: 33/33 MP: 2/2
   996 | D:2      | Noticed Natasha
  1004 | D:2      | Killed Natasha
  1005 | D:2      | Reached XP level 4. HP: 31/40 MP: 3/3
  1017 | D:2      | Identified the +7 hand axe "Pyphooj" {venom, Fly rF+ Dex-4}
  1106 | D:2      | Noticed Natasha
  1113 | D:2      | Killed Natasha
  1169 | D:2      | Noticed Jessica
  1173 | D:2      | Killed Jessica
  1771 | D:3      | Reached XP level 5. HP: 47/47 MP: 4/4
  1800 | D:3      | Found a faded altar of an unknown god.
  1892 | D:3      | Killed a black bear
  1909 | D:3      | Found a shimmering altar of Xom.
  2206 | D:4      | Reached skill level 4 in Axes
  2248 | D:4      | Found a glowing golden altar of the Shining One.
  2313 | D:4      | Noticed Menkaure
  2319 | D:4      | Killed Menkaure
  2320 | D:4      | Reached XP level 6. HP: 26/53 MP: 5/5
  2496 | D:4      | Reached skill level 5 in Axes
  2540 | D:4      | Found a blossoming altar of Fedhas.
  2755 | D:4      | Noticed Ijyb
  2762 | D:4      | Killed Ijyb
  2819 | D:5      | Entered Level 5 of the Dungeon
  2872 | D:5      | Reached skill level 1 in Dodging
  2954 | D:5      | Reached skill level 5 in Fighting
  2954 | D:5      | Reached skill level 5 in Armour
  2954 | D:5      | Reached XP level 7. HP: 15/61 MP: 6/6
  3229 | D:5      | Reached skill level 6 in Axes
  3524 | D:5      | Identified the +1 robe "Kak Bex" {Str+6 Stlth-}
  3899 | D:6      | Reached XP level 8. HP: 54/69 MP: 7/7
  3907 | D:6      | Reached skill level 5 in Shields
  4183 | D:6      | Reached skill level 7 in Axes
  4194 | D:6      | Noticed Blork the orc
  4210 | D:6      | Killed Blork the orc
  4852 | D:7      | Reached skill level 8 in Axes
  4908 | D:7      | Reached skill level 5 in Throwing
  4987 | D:7      | Found a runed translucent gate.
  4991 | D:7      | Found a runed translucent gate.
  5011 | D:7      | Reached XP level 9. HP: 73/75 MP: 8/8
  5042 | D:7      | Noticed Pikel
  5062 | D:7      | Killed Pikel
  5063 | D:7      | Reached skill level 9 in Axes
  5116 | D:7      | Found a runed translucent gate.
  5116 | D:7      | Noticed MacCMillion's ghost (novice TrFi)
  5445 | D:7      | Found a staircase to the Ecumenical Temple.
  5456 | D:7      | Noticed Prince Ribbit
  5464 | Temple   | Entered the Ecumenical Temple
  5686 | Temple   | Became a worshipper of the Wu Jian Council
  5726 | D:7      | Killed Prince Ribbit
  6139 | D:7      | HP: 2/79 [MacCMillion's ghost (16)]
  6140 | D:7      | Demolished by MacCMillion's ghost

Illustrated notes

Levels and vault maps discovered:
D:1:      nicolae_arrival_washed_ashore, layout_basic, minmay_misc_feat_tiny
D:2:      layout_rooms, serial_shops, shop, uniq_natasha, uniq_jessica
D:3:      layout_rooms, xom_confusion_cloud, chequers_ecumenical_altar_twisty
D:4:      layout_cave_pools, overflow_temple_1_default,
          nicolae_tso_besieged_by_evil, uniq_menkaure, uniq_ijyb
D:5:      layout_rooms
D:6:      layout_loops_ring, kennysheep_generic_room_9, uniq_blork_the_orc
D:7:      layout_basic, minmay_temple_entry_large_hall,
          ebering_ghost_rock_garden, nicolae_underground_beach,
          uniq_prince_ribbit1, uniq_pikel
Temple:   minmay_temple_bridge_d

Skill      XL: |  1  2  3  4  5  6  7  8  9 |
---------------+----------------------------+-----
Fighting       | 4 5 6 7 |  7.1
Throwing       | 1 2 3 4 5 6 |  6.2
Axes           | 3 4 5 6 8 9 |  9.8
Armour         | 4 5 6 7 8 |  8.5
Shields        | 4 5 6 |  6.1
Dodging        | 1 2 3 |  3.7

Action                   |  1- 3 |  4- 6 |  7- 9 || total
-------------------------+-------+-------+-------++-------
Melee: War axe           |    34 |     2 |       ||    36
       Headbutt          |     6 |    10 |    27 ||    43
       Hand axe          |       |    86 |   216 ||   302
Throw: Stone             |       |    20 |    13 ||    33
  Use: Scroll            |     2 |     8 |     1 ||    11
       Potion            |       |     2 |     4 ||     6
Armor: Scale mail        |    14 |    35 |    76 ||   125
Dodge: Dodged            |    14 |    47 |   147 ||   208
Block: Buckler           |     8 |    21 |    45 ||    74
